 Dungeon Crawl Stone Soup version 0.26.1-11-gd32895ea62 (webtiles) character file.

Game seed: 591953893159894169

22216 Artemis the Basher (level 12, -8/172 HPs)
             Began as a Troll Berserker on May 11, 2021.
             Was a High Priest of Trog.
             Mangled by an orc warrior
             ... wielding a +0 glaive
              (14 damage)
             ... on level 14 of the Dungeon.
             The game lasted 01:22:26 (15079 turns).

Artemis the Basher (Troll Berserker)               Turns: 15079, Time: 01:22:26

Health: -8/172     AC: 12    Str: 33    XL:     12   Next: 61%
Magic:  0/11       EV: 14    Int:  4    God:    Trog [*****.]
Gold:   549        SH:  0    Dex:  9    Spells: 11/11 levels left

rFire    + . .     SeeInvis .   a - +8 great mace "Rianuj" {vorpal, rElec Will+ Int+3 Stlth-}
rCold    + . .     Faith    .   (shield currently unavailable)
rNeg     + . .     Spirit   +   L - +2 robe {rF+}
rPois    .         Reflect  .   (helmet restricted)
rElec    +         Harm     .   y - scarf {repulsion}
rCorr    .         Rampage  .   (gloves unavailable)
Will     +....                  (boots unavailable)
Stlth    ..........             V - amulet of guardian spirit
HPRegen  0.78/turn              F - +4 ring of protection
MPRegen  0.12/turn              m - ring "Isyt" {rC+ rN+ Str+2 Int-3}

@: berserking, repel missiles, very quick
A: large, unfitting armour, claws 3, regeneration 1, shaggy fur 1, tough skin 3
a: Renounce Religion, Berserk, Trog's Hand, Brothers in Arms


You were on level 14 of the Dungeon.
You worshipped Trog.
Trog was extremely pleased with you.
You visited 1 branch of the dungeon, and saw 14 of its levels.

You collected 958 gold pieces.
You spent 409 gold pieces at shops.

Inventory:

Hand Weapons
 a - the +8 great mace "Rianuj" (weapon) {vorpal, rElec Will+ Int+3 Stlth-}
   (You acquired it on level 14 of the Dungeon)

   It inflicts extra damage upon your enemies.
   It affects your intelligence (+3).
   It insulates you from electricity.
   It affects your willpower, your defense against some magical effects.
   It makes you less stealthy.
 g - a +3 dagger of flaming
 p - a +3 great mace of protection
 q - the +9 shortbow of Sulphur {flame, Int+2}
   (You found it on level 14 of the Dungeon)

   It causes projectiles fired from it to burn those they strike, causing extra
   injury to most foes and up to half again as much damage against particularly
   susceptible opponents.
   It affects your intelligence (+2).
 C - a +3 dagger of freezing
 G - a +2 halberd
 H - a +0 giant spiked club
 P - a +4 morningstar of flaming
 T - a +2 dagger of chaos
 X - a +2 long sword of electrocution
Missiles
 f - 501 stones
 h - 31 poisoned darts
 j - 373 arrows
 O - 4 curare-tipped darts
 Y - 6 silver javelins
Armour
 y - a scarf of repulsion (worn)
 L - a +2 robe of fire resistance (worn)
 R - a +0 troll leather armour
Jewellery
 m - the ring "Isyt" (right claw) {rC+ rN+ Str+2 Int-3}
   (You bought it in a shop on level 9 of the Dungeon)

   [ring of protection from cold]

   It affects your strength (+2).
   It affects your intelligence (-3).
   It protects you from cold.
   It protects you from negative energy.
 F - a +4 ring of protection (left claw)
 U - the ring "Lasis" {*Corrode +Fly Int+2 Dex+2 Slay+3}
   (You found it on level 13 of the Dungeon)

   [ring of flight]

   It affects your intelligence (+2).
   It affects your dexterity (+2).
   It affects your accuracy and damage with ranged weapons and melee attacks
   (+3).
   It lets you fly.
   It may corrode you when you take damage.
 V - an amulet of guardian spirit (around neck)
Wands
 e - a wand of disintegration (10)
 l - a wand of flame (31)
 n - a wand of acid (15)
 v - a wand of iceblast (17)
 x - a wand of polymorph (6)
 E - a wand of enslavement (15)
Scrolls
 b - 4 scrolls of remove curse
 c - 5 scrolls of magic mapping
 d - 3 scrolls of identify
 s - a scroll of fear
 u - 5 scrolls of teleportation
 A - a scroll of enchant weapon
Potions
 i - 2 potions of berserk rage
 k - 2 potions of flight
 o - a potion of resistance
 t - 9 potions of curing
 z - 3 potions of magic
 B - a potion of attraction
 W - a potion of lignification {unknown}
Miscellaneous
 J - a box of beasts
 Q - a phial of floods
 Z - a lightning rod (4/4)


   Skills:
 + Level 6.9 Fighting
 * Level 12.2 Maces & Flails
 + Level 9.6 Dodging
 - Level 1.7 Stealth
 + Level 9.6 Unarmed Combat
 + Level 1.0 Evocations


You had 11 spell levels left.
You didn't know any spells.
Your spell library was empty.

Dungeon Overview and Level Annotations

Branches:
Dungeon (14/15)            Temple (0/1) D:6            Lair (0/6) D:9
    Orc (0/2) D:10
 Vaults: D:13-14

Altars:
Elyvilon
Fedhas
Gozag
Makhleb
Qazlal
Sif Muna
Trog
Uskayaw
Wu Jian
Zin

Shops:
D:9 =

Annotations:
D:9 2 transporters, mk2021's ghost, novice DrIE


Innate Abilities, Weirdness & Mutations

You are too large for most types of armour.
You have claws for hands.
Your natural rate of healing is unusually fast.
You are covered in fur. (AC +1)
You have extremely tough skin. (AC +3)


Message History

You sock the scorpion!
The scorpion is almost dead.
The scorpion stings you but does no damage.
You barely miss the scorpion.
The scorpion is almost dead.
Something hits you!
* * * LOW HITPOINT WARNING * * *
You closely miss the scorpion.
The scorpion is almost dead.
The scorpion closely misses you. Something hits you but does no damage.
You barely miss the scorpion.
The scorpion is almost dead.
The scorpion stings you.
* * * LOW HITPOINT WARNING * * *
Something hits you but does no damage.
You sock the scorpion!
You kill the scorpion!
Trog accepts your kill.
The orc warrior hits you from afar with a +0 glaive!
You die...

###############################
..........................<....
...#...##......###....#....#
.......##......###....#.)..#..
................@{W............
.####......#######o######......
.# #.####.# .. ...... .#
#.####.# ... ..... ##
#......###### ##+ .....
##.........)# ...c #..........#
{... #.#........# #.#........#


You could see a freezing wraith and an orc warrior.

Vanquished Creatures
  Frances (D:12)
  A hydra (D:12)
  Erolcha (D:12)
  Erica (D:10)
  A centaur warrior (D:13)
  2 two-headed ogres
  Sonja (D:10)
  2 ugly things
  A cyclops (D:13)
  3 manticores
  Psyche (D:12)
  2 gargoyles
  A komodo dragon (D:13)
  Grinder (D:3)
  3 trolls
  4 shadows
  2 wraiths
  A wyvern (D:11)
  A yak (D:12)
  An acid dragon (D:12)
  A water moccasin (D:13)
  4 ice beasts
  6 orc warriors
  2 sky beasts
  A black bear (D:6)
  2 necrophages
  3 phantoms
  6 centaurs
  5 ogres
  5 big kobolds
  11 bullfrogs
  A gnoll sergeant (D:10)
  4 scorpions
  7 killer bees
  6 spriggan skeletons (D:13)
  4 troll zombies (D:10)
  9 wights
  A troll skeleton (D:13)
  A vampire bat (D:10)
  3 electric eels
  11 howler monkeys
  5 orc priests
  5 bullfrog skeletons
  3 hounds
  6 jellies
  13 orc wizards
  6 centaur zombies
  3 centaur skeletons
  10 worker ants
  Natasha (thrice) (D:1)
  3 iguanas
  4 ogre zombies (D:10)
  A hound skeleton (D:7)
  A howler monkey zombie (D:6)
  17 gnolls
  15 adders
  A shadow imp (D:9)
  6 white imps
  2 ufetubi
  8 oozes
  2 adder skeletons
  4 dart slugs
  3 leopard geckos
  42 orcs
  16 bats
  A giant cockroach (D:1)
  6 goblins
  8 hobgoblins
  21 jackals
  28 kobolds
  6 quokkas
  3 ball pythons
  5 frilled lizards
  2 goblin skeletons (D:10)
  5 goblin zombies (D:10)
  A hobgoblin skeleton (D:10)
  2 hobgoblin zombies (D:10)
  A jackal zombie (D:6)
  A leopard gecko skeleton (D:5)
  2 orc skeletons (D:10)
  13 orc zombies (D:10)
  A quokka zombie (D:8)
  4 rats
413 creatures vanquished.

Vanquished Creatures (collateral kills)
  A two-headed ogre (D:14)
  Nergalle (D:12)
  A hornet (D:12)
  3 yaks (D:12)
  An orc (D:14)
7 creatures vanquished.

Vanquished Creatures (others)
  An orc (D:10)
  A jackal (D:5)
2 creatures vanquished.

Grand Total: 422 creatures vanquished

Notes
Turn   | Place    | Note
-------+----------+-------------------------------------------
     0 | D:1      | Artemis the Troll Berserker began the quest for the Orb.
     0 | D:1      | Reached XP level 1. HP: 22/22 MP: 0/0
   172 | D:1      | Reached XP level 2. HP: 29/29 MP: 1/1
   351 | D:1      | Reached XP level 3. HP: 24/36 MP: 2/2
   606 | D:2      | Noticed Natasha
   612 | D:1      | Killed Natasha
   625 | D:1      | Noticed Natasha
   641 | D:1      | Killed Natasha
   642 | D:1      | Reached XP level 4. HP: 26/45 MP: 3/3
   655 | D:1      | Noticed Natasha
   686 | D:1      | Killed Natasha
   686 | D:1      | Reached ** piety under Trog
   886 | D:2      | Reached XP level 5. HP: 53/53 MP: 4/4
  2305 | D:3      | Noticed Grinder
  2309 | D:3      | Paralysed by something for 5 turns
  2327 | D:3      | Killed Grinder
  2327 | D:3      | Reached *** piety under Trog
  2328 | D:3      | Reached skill level 1 in Stealth
  2328 | D:3      | Reached skill level 5 in Unarmed Combat
  2328 | D:3      | Reached XP level 6. HP: 59/61 MP: 5/5
  2702 | D:4      | Reached XP level 7. HP: 61/67 MP: 6/6
  3732 | D:5      | Entered Level 5 of the Dungeon
  4005 | D:5      | Found a burning altar of Makhleb.
  4383 | D:5      | Reached XP level 8. HP: 41/76 MP: 7/7
  4472 | D:5      | Found a bloodstained altar of Trog.
  4472 | D:5      | Found a blossoming altar of Fedhas.
  4605 | D:6      | Found a staircase to the Ecumenical Temple.
  4620 | D:6      | Reached skill level 1 in Maces & Flails
  4952 | D:6      | Reached skill level 2 in Maces & Flails
  5341 | D:6      | Reached skill level 3 in Maces & Flails
  5498 | D:6      | Reached **** piety under Trog
  5499 | D:6      | Reached skill level 5 in Dodging
  5600 | D:6      | Reached skill level 4 in Maces & Flails
  5893 | D:6      | Reached XP level 9. HP: 75/82 MP: 8/8
  6034 | D:7      | Reached skill level 5 in Maces & Flails
  6300 | D:7      | Reached ***** piety under Trog
  6524 | D:7      | Found a shimmering blue altar of Sif Muna.
  6526 | D:7      | Found a white marble altar of Elyvilon.
  6532 | D:7      | Found a glowing silver altar of Zin.
  6532 | D:7      | Found a burning altar of Makhleb.
  6533 | D:7      | Found a hide-covered altar of Uskayaw.
  6534 | D:7      | Found an opulent altar of Gozag.
  6662 | D:8      | Reached skill level 6 in Maces & Flails
  6677 | D:8      | Found an ornate altar of the Wu Jian Council.
  7439 | D:8      | Reached skill level 5 in Fighting
  7636 | D:8      | Reached skill level 7 in Maces & Flails
  7892 | D:9      | Found Lemush's Jewellery Boutique.
  7913 | D:9      | Bought the ring "Isyt" {rC+ rN+ Str+2 Int-3} for 409 gold
                  | pieces
  7943 | D:9      | Found a staircase to the Lair.
  7957 | D:9      | Found a transporter.
  7957 | D:9      | Noticed mk2021's ghost (novice DrIE)
  7958 | D:9      | Noticed a death knight
  7985 | D:9      | Noticed a troll
  7992 | D:9      | Killed a troll
  7993 | D:9      | Reached XP level 10. HP: 96/96 MP: 9/9
  8057 | D:9      | Found a transporter.
  8126 | D:9      | Noticed a two-headed ogre
  8149 | D:9      | Killed a two-headed ogre
  8270 | D:9      | Identified Meust's Thorough Guide to Theurgy
  8322 | D:9      | Found a stormy altar of Qazlal.
  8627 | D:10     | Entered Level 10 of the Dungeon
  8801 | D:9      | Received a gift from Trog
  9261 | D:10     | Noticed Erica
  9277 | D:10     | Killed Erica
  9476 | D:10     | Found a staircase to the Orcish Mines.
  9640 | D:10     | Reached skill level 8 in Maces & Flails
  9754 | D:10     | Noticed Sonja
  9929 | D:10     | Reached XP level 11. HP: 105/105 MP: 10/10
 10271 | D:10     | Killed Sonja
 10411 | D:10     | Received a gift from Trog
 10473 | D:11     | Noticed a green ugly thing
 10490 | D:11     | Killed a green ugly thing
 11551 | D:12     | Noticed Frances
 11553 | D:12     | Noticed an eight-headed hydra
 11564 | D:12     | Killed Frances
 11565 | D:12     | Reached skill level 9 in Maces & Flails
 11565 | D:12     | Reached skill level 1 in Evocations
 11567 | D:12     | Killed an eight-headed hydra
 11598 | D:12     | Noticed Nergalle
 11714 | D:12     | Paralysed by a hornet for 2 turns
 11716 | D:12     | Killed Nergalle
 11717 | D:12     | Reached skill level 10 in Maces & Flails
 12393 | D:12     | Noticed Erolcha
 12406 | D:12     | Killed Erolcha
 12407 | D:12     | Reached XP level 12. HP: 86/115 MP: 11/11
 12512 | D:12     | Noticed Psyche
 12523 | D:12     | Killed Psyche
 13153 | D:12     | Reached skill level 11 in Maces & Flails
 13524 | D:13     | Got a shimmering turquoise ring
 14322 | D:13     | Noticed a centaur warrior
 14332 | D:13     | Killed a centaur warrior
 14936 | D:14     | Reached skill level 12 in Maces & Flails
 14996 | D:14     | Identified the ring "Lasis" {*Corrode +Fly Int+2 Dex+2
                  | Slay+3} (You found it on level 13 of the Dungeon)
 15020 | D:14     | Identified a scroll of acquirement
 15020 | D:14     | Acquired the +8 great mace "Rianuj" {vorpal, rElec Will+
                  | Int+3 Stlth-}
 15026 | D:14     | Got an iridescent shortbow
 15027 | D:14     | Identified the +9 shortbow of Sulphur {flame, Int+2} (You
                  | found it on level 14 of the Dungeon)
 15052 | D:14     | Noticed a two-headed ogre
 15052 | D:14     | Noticed an ogre mage
 15052 | D:14     | Noticed a two-headed ogre
 15054 | D:14     | Noticed a centaur warrior
 15066 | D:14     | Killed a two-headed ogre
 15073 | D:14     | Killed a two-headed ogre
 15077 | D:14     | HP: 5/172 [scorpion (5)]
 15079 | D:14     | Mangled by an orc warrior

Illustrated notes

Levels and vault maps discovered:
D:1:      scummos_arrival_gate, layout_basic, minmay_quantized
D:2:      cheibrodos_helix_gallery, layout_loops_ring, kennysheep_another_room,
          st_stairs_9, minmay_pentomino_u4, uniq_natasha
D:3:      layout_loops_corners, uniq_grinder
D:4:      layout_basic, guppyfry_early_orc_mine
D:5:      layout_loops_ring, amethyst_overflow_temple_binary, basic_altar
D:6:      layout_basic, minmay_temple_entry_grid
D:7:      layout_basic, minitemple
D:8:      layout_loops_corners, nzn_wu_jian_contemplation,
          hangedman_little_slice_of_home
D:9:      layout_loops_cross, nicolae_qazlal_style_of_elements,
          lair_entry_dummy, gammafunk_ghost_mausoleum, serial_shops,
          nicolae_shop_window_shopping, minmay_diamond_spiral
D:10:     layout_irregular_city, zombieorc2_lemuel, nicolae_lava_and_water,
          roderic_batcave, uniq_erica, uniq_sonja
D:11:     layout_stronghold, kennysheep_kite_vault
D:12:     layout_basic, uniq_psyche, uniq_erolcha, uniq_frances, uniq_nergalle
D:13:     layout_big_octagon, hangedman_decor_peaks_small,
          hangedman_tell_no_tales
D:14:     layout_stronghold, david_vaults_2, serial_shops, shop,
          kennysheep_crisscross, nrook_pool_corridor,
          minmay_the_grid_square_5x5_3x3_mashed
          [minmay_the_grid_square_5x5_moneybag,
          minmay_the_grid_square_5x5_longway,
          minmay_the_grid_square_5x5_hourglass,
          minmay_the_grid_square_5x5_eight_small,
          minmay_the_grid_square_5x5_megaprize_checkered,
          minmay_the_grid_square_5x5_mess,
          minmay_the_grid_square_5x5_two_walls_a, minmay_the_grid_square_5x5_c,
          minmay_the_grid_square_5x5_tie]

Skill      XL: |  1  2  3  4  5  6  7  8  9 10 11 12 |
---------------+-------------------------------------+-----
Dodging        | 3 4 5 6 8 9 |  9.6
Fighting       | 3 4 5 6 |  6.9
Unarmed Combat | 4 5 7 8 9 |  9.6
Stealth        | 1 |  1.7
Maces & Flails | 4 7 8 10 12 | 12.2
Evocations     | 1 |  1.0

Action                   |  1- 3 |  4- 6 |  7- 9 | 10-12 || total
-------------------------+-------+-------+-------+-------++-------
Melee: Unarmed           |    56 |   172 |   349 |   340 ||   917
       Punch             |     1 |     4 |    13 |    26 ||    44
       Giant club        |       |       |    44 |       ||    44
       Morningstar       |       |       |       |   312 ||   312
       Great mace        |       |       |       |     8 ||     8
Invok: Berserk           |     3 |     2 |     6 |     9 ||    20
       Trog's Hand       |       |       |     3 |     6 ||     9
       Brothers in Arms  |       |       |       |     2 ||     2
Evoke: Wand              |       |       |       |     8 ||     8
  Use: Scroll            |       |       |    15 |     8 ||    23
       Potion            |       |       |       |     3 ||     3
 Stab: Sleeping          |       |     3 |     5 |     1 ||     9
       Distracted        |       |       |     1 |       ||     1
Armor: Animal skin       |    21 |    63 |    93 |   136 ||   313
       Robe              |       |       |       |   121 ||   121
Dodge: Dodged            |    42 |   105 |   194 |   456 ||   797
       Repelled          |       |       |     6 |    11 ||    17
